 Dungeon Crawl Stone Soup version 0.22-b1-59-g0aedee7 (webtiles) character file.

14329 Gergoth the Thaumaturge (level 11, 0/54 HPs)
             Began as a Deep Elf Fire Elementalist on Aug 9, 2018.
             Was a High Priest of Sif Muna.
             Slain by a black mamba (6 damage)
             ... on level 2 of the Lair of Beasts.
             The game lasted 00:36:08 (15114 turns).

Gergoth the Thaumaturge (DEFE)                     Turns: 15114, Time: 00:36:08

Health: 0/54       AC: 10    Str:  8    XL:     11   Next: 87%
Magic:  28/40      EV:  2    Int: 21    God:    Sif Muna [*****.]
Gold:   624        SH:  0    Dex: 15    Spells: 25/38 levels left

rFire    . . .     SeeInvis .   o - +2 short sword (protect)
rCold    . . .     Gourm    +   (no shield)
rNeg     + + +     Faith    .   a - +0 robe
rPois    ∞         Spirit   .   (no helmet)
rElec    .         Reflect  .   (no cloak)
rCorr    .         Harm     .   i - +0 pair of gloves
MR       +....                  t - +0 pair of boots
Stlth    ++........             v - amulet of the gourmand
HPRegen  0.18/turn              k - +6 ring of protection
MPRegen  0.27/turn              I - ring of magical power

@: petrified, divine energy
A: no striking features
a: Stop Divine Energy, Channel Magic, Forget Spell, Renounce Religion


You were on level 2 of the Lair of Beasts.
You worshipped Sif Muna.
Sif Muna was extremely pleased with you.
You were very full.

You visited 3 branches of the dungeon, and saw 13 of its levels.

You collected 624 gold pieces.

Inventory:

Hand Weapons
 o - a +2 short sword of protection (weapon)
Missiles
 m - 6 throwing nets (quivered)
Armour
 a - a +0 robe (worn)
 i - a +0 pair of gloves (worn)
 t - a +0 pair of boots (worn)
 N - a +0 cloak
Jewellery
 k - a +6 ring of protection (left hand)
 p - an uncursed ring of protection from fire
 v - an amulet of the gourmand (around neck)
 E - a +6 ring of strength
 I - a ring of magical power (right hand)
 J - a cursed ring of teleportation {unknown}
Wands
 j - a wand of flame (17)
 A - a wand of disintegration (7)
 B - a wand of acid (12)
 F - a wand of digging (15)
Scrolls
 e - 3 scrolls of blinking
 g - 2 scrolls of fear
 s - a scroll of identify
 u - a scroll of fog {unknown}
 w - 3 scrolls of magic mapping
 x - 3 scrolls of teleportation
 y - a scroll of enchant armour {unknown}
 z - a scroll of enchant weapon
 D - 3 scrolls of amnesia
 H - a scroll of immolation
 K - a scroll of summoning {unknown}
 M - a scroll of acquirement {unknown}
Potions
 b - 4 potions of mutation
 d - a potion of brilliance
 f - 7 potions of curing
 h - a potion of haste
 l - a potion of ambrosia {unknown}
 n - 2 potions of invisibility
 q - a potion of lignification {unknown}
 r - 5 potions of heal wounds
 C - a potion of cancellation {unknown}
 G - a potion of agility {unknown}
 L - 3 potions of might {unknown}
Comestibles
 c - 22 rations


   Skills:
 - Level 2.4 Dodging
 - Level 2.4 Stealth
 + Level 14.2 Spellcasting
 + Level 12.0 Conjurations
 + Level 12.4 Fire Magic


You had 25 spell levels left.
You knew the following spells:

 Your Spells              Type           Power        Failure   Level  Hunger
a - Flame Tongue          Conj/Fire      #####        1%          1    None
b - Conjure Flame         Conj/Fire      ######..     1%          3    None
c - Sticky Flame          Conj/Fire      ######..     1%          4    None
d - Fireball              Conj/Fire      ######....   1%          5    ###....

Your spell library contained the following spells:

 Spells                   Type           Power        Failure   Level  Hunger
 Magic Dart               Conj           ####         1%          1    None
 Bolt of Cold             Conj/Ice       #####.....   47%         6    #####..
 Lightning Bolt           Conj/Air       #####.....   10%         5    ###....
 Throw Flame              Conj/Fire      ######       1%          2    None
 Throw Frost              Conj/Ice       #####.       1%          2    None
 Freezing Cloud           Conj/Ice/Air   ####......   77%         6    #####..
 Mephitic Cloud           Conj/Pois/Air  ####....     2%          3    None
 Teleport Other           Tloc           ##......     13%         3    None
 Blink                    Tloc           N/A          6%          2    None
 Iskenderun's Mystic Bla  Conj           ######..     1%          4    None
 Ozocubu's Refrigeration  Ice            ##........   100%        6    #####..
 Shock                    Conj/Air       ####         1%          1    None
 Swiftness                Chrm/Air       ##......     6%          2    None
 Spider Form              Tmut/Pois      ##........   13%         3    None
 Blade Hands              Tmut           ##........   75%         5    ###....
 Ice Form                 Ice/Tmut       ##......     38%         4    None
 Sticks to Snakes         Tmut           ##......     6%          2    None
 Passage of Golubria      Tloc           N/A          38%         4    None
 Shroud of Golubria       Chrm/Tloc      ##........   6%          2    None
 Inner Flame              Hex/Fire       #####...     1%          3    None
 Beastly Appendage        Tmut           ##....       4%          1    None
 Fulminant Prism          Conj/Hex       #####.....   3%          4    None
 Dazzling Spray           Conj/Hex       #####.       1%          3    None
 Force Lance              Conj/Tloc      #####...     3%          4    None
 Searing Ray              Conj           ######       1%          2    None
 Gell's Gravitas          Tloc           ##........   13%         3    None
 Lesser Beckoning         Tloc           ##........   13%         3    None


Dungeon Overview and Level Annotations

Branches:
Dungeon (10/15)            Temple (1/1) D:7            Lair (1/6) D:8
    Orc (0/2) D:9

Altars:
Ashenzari
Cheibriados
Dithmenos
Elyvilon
Fedhas
Gozag
Hepliaklqana
Kikubaaqudgha
Makhleb
Nemelex Xobeh
Okawaru
Qazlal
Ru
Sif Muna
Trog
Uskayaw
Vehumet
Wu Jian
Xom
Yredelemnul
Zin
The Shining One

Shops:
D:7 %

Annotations:
D:6 1 runed door, Theowulf's ghost, novice HuWn
D:10 Erolcha
Lair:1 exclusion: oklob plant


Message History

Confirm with . or Enter, or press ? or * to list all spells.
Aiming: Fireball (safe; 1% risk of failure)
Press: ? - help, Shift-Dir - straight line, f - basilisk
Aim: a basilisk (almost dead)
The fireball explodes!
The fireball engulfs the basilisk.
You kill the basilisk!
Sif Muna accepts your kill.
You have turned to stone.
The black mamba bites you. The black mamba bites you!
The black mamba completely misses you.
The black mamba bites you but does no damage. x2
The black mamba bites you! x2
The black mamba bites you!! The black mamba bites you!
The black mamba bites you. The black mamba bites you! x2
* * * LOW HITPOINT WARNING * * *
The black mamba bites you!
* * * LOW HITPOINT WARNING * * *
The black mamba bites you!
You die...

## ###.##
#.@..#
.....?S...#
..........+
..........#
..........#
.........†#
...........
..........##


You could see a black mamba.

Vanquished Creatures
  Harold (D:10)
  An unseen horror (D:10)
  An oklob plant (D:9)
  An ugly thing (D:9)
  2 black mambas (Lair:1)
  A spiny frog (Lair:1)
  2 komodo dragons (Lair:1)
  A troll (D:9)
  2 hippogriffs
  A wyvern (Lair:1)
  26 yaks
  A basilisk (Lair:2)
  4 water moccasins
  6 porcupines
  5 orc warriors
  2 black bears
  2 ice beasts
  6 ogres
  5 centaurs
  An eye of draining (D:6)
  A crocodile (Lair:1)
  3 big kobolds
  6 gnoll sergeants (D:9)
  5 bullfrogs
  3 scorpions
  6 killer bees (D:8)
  3 wights (D:7)
  2 howler monkeys
  7 electric eels (D:10)
  A crimson imp (D:10)
  A jelly (D:8)
  2 bullfrog skeletons
  A gnoll shaman (D:6)
  5 hounds
  3 iguanas
  6 orc priests
  12 orc wizards
  Natasha (thrice) (D:2)
  7 worker ants
  A killer bee zombie (D:7)
  A worker ant zombie (D:6)
  15 gnolls
  9 adders
  A shadow imp (D:5)
  3 oozes
  2 adder skeletons
  2 worms
  3 dart slugs (D:2)
  9 leopard geckos
  50 orcs
  3 ball pythons
  10 bats
  5 giant cockroaches
  13 goblins
  18 hobgoblins
  14 jackals
  3 quokkas
  8 frilled lizards
  24 kobolds
  A leopard gecko skeleton (D:6)
  2 quokka skeletons
  6 rats
351 creatures vanquished.

Vanquished Creatures (others)
  A fungus (Lair:1)
  3 plants (D:9)
4 creatures vanquished.

Grand Total: 355 creatures vanquished

Notes
Turn   | Place    | Note
-------+----------+-------------------------------------------
     0 | D:1      | Gergoth the Deep Elf Fire Elementalist began the quest for the Orb.
     0 | D:1      | Reached XP level 1. HP: 10/10 MP: 6/6
   473 | D:1      | Reached XP level 2. HP: 7/15 MP: 6/8
  1033 | D:1      | Reached XP level 3. HP: 19/19 MP: 5/10
  1174 | D:2      | Learned a level 3 spell: Conjure Flame
  1339 | D:2      | Found a burning altar of Makhleb.
  1340 | D:2      | Found a shadowy altar of Dithmenos.
  1341 | D:2      | Found a radiant altar of Vehumet.
  1356 | D:2      | Found a deep blue altar of Sif Muna.
  1365 | D:2      | Became a worshipper of Sif Muna the Loreminder
  1431 | D:2      | Reached skill level 4 in Spellcasting
  1751 | D:2      | Found a snail-covered altar of Cheibriados.
  1754 | D:2      | Noticed Natasha
  1759 | D:2      | Reached XP level 4. HP: 24/24 MP: 8/12
  1763 | D:2      | Killed Natasha
  1869 | D:2      | Noticed Natasha
  1872 | D:2      | Killed Natasha
  2070 | D:2      | Reached XP level 5. HP: 28/28 MP: 9/14
  2072 | D:2      | Noticed Natasha
  2076 | D:2      | Killed Natasha
  2299 | D:2      | Reached * piety under Sif Muna
  2504 | D:3      | Reached skill level 5 in Spellcasting
  3218 | D:4      | Reached skill level 5 in Fire Magic
  3218 | D:4      | Reached XP level 6. HP: 32/32 MP: 5/16
  3224 | D:4      | Learned a level 4 spell: Sticky Flame
  3230 | D:4      | Learned a level 5 spell: Fireball
  3599 | D:4      | Reached skill level 6 in Spellcasting
  3865 | D:4      | Reached XP level 7. HP: 31/36 MP: 8/18
  4356 | D:5      | Entered Level 5 of the Dungeon
  4360 | D:5      | Reached skill level 5 in Conjurations
  4375 | D:5      | Got a blackened war axe
  4548 | D:5      | Reached ** piety under Sif Muna
  4856 | D:5      | Reached skill level 7 in Spellcasting
  5002 | D:5      | Found a sacrificial altar of Ru.
  5050 | D:5      | Identified the +3 war axe of Qazlal's Regard {antimagic, Str+4} (You found it on level 5 of the Dungeon)
  5088 | D:6      | Found a runed door.
  5268 | D:6      | Reached XP level 8. HP: 30/41 MP: 0/21
  5745 | D:6      | Reached skill level 8 in Spellcasting
  5798 | D:6      | Found a bloodstained altar of Trog.
  5809 | D:6      | Reached *** piety under Sif Muna
  5880 | D:6      | Found a glowing silver altar of Zin.
  5938 | D:6      | Noticed Theowulf's ghost (novice HuWn)
  6282 | D:6      | Reached skill level 9 in Spellcasting
  6589 | D:7      | Reached XP level 9. HP: 18/45 MP: 4/24
  6720 | D:7      | Found a staircase to the Ecumenical Temple.
  6727 | Temple   | Entered the Ecumenical Temple
  7298 | D:7      | Reached **** piety under Sif Muna
  7438 | D:7      | Found a sparkling altar of Nemelex Xobeh.
  7615 | D:7      | Found Zitiel's Food Boutique.
  7824 | D:7      | Found a sacrificial altar of Ru.
  7879 | D:7      | Reached skill level 10 in Spellcasting
  8402 | D:8      | Found a staircase to the Lair.
  8696 | D:8      | Found an opulent altar of Gozag.
  8867 | D:8      | Reached ***** piety under Sif Muna
  9053 | D:8      | Reached skill level 11 in Spellcasting
  9060 | D:8      | Identified Sif Muna's Guide on Cold and Weightlessness (Sif Muna gifted it to you on level 8 of the Dungeon)
  9060 | D:8      | Received a gift from Sif Muna
  9364 | D:8      | Reached XP level 10. HP: 26/50 MP: 22/27
  9794 | D:9      | Found a blossoming altar of Fedhas.
  9857 | D:9      | Found a stormy altar of Qazlal.
  9878 | D:9      | Found a shimmering altar of Xom.
 10416 | D:9      | Reached skill level 10 in Fire Magic
 10586 | D:9      | Found a bloodstained altar of Trog.
 10586 | D:9      | Noticed an oklob plant
 11152 | D:9      | Reached skill level 10 in Conjurations
 11155 | D:9      | Reached skill level 12 in Spellcasting
 11458 | D:9      | Found a staircase to the Orcish Mines.
 11581 | D:9      | Noticed a green ugly thing
 11589 | D:9      | Killed a green ugly thing
 11975 | D:9      | Killed an oklob plant
 12146 | D:10     | Entered Level 10 of the Dungeon
 12585 | D:10     | Found a shimmering altar of Xom.
 12599 | D:10     | Reached XP level 11. HP: 30/54 MP: 29/29
 12953 | D:10     | Noticed an unseen horror
 12956 | D:10     | Killed an unseen horror
 12956 | D:10     | Reached skill level 13 in Spellcasting
 13050 | D:10     | Noticed Harold
 13068 | D:10     | Killed Harold
 13320 | D:10     | Noticed Erolcha
 13693 | Lair:1   | Entered Level 1 of the Lair of Beasts
 13770 | Lair:1   | Noticed an oklob plant
 13820 | Lair:1   | Identified Tibah's Collected Works on Floating Cold (Sif Muna gifted it to you on level 1 of the Lair of Beasts)
 13820 | Lair:1   | Received a gift from Sif Muna
 14297 | Lair:1   | Reached skill level 14 in Spellcasting
 15102 | Lair:1   | You fall through a shaft!
 15114 | Lair:2   | Slain by a black mamba

Skill      XL: |  1  2  3  4  5  6  7  8  9 10 11 |
---------------+----------------------------------+-----
Conjurations   | 2 3 4 5 7 9 10 12 | 12.0
Fire Magic     | 4 5 6 8 9 11 12 | 12.4
Spellcasting   | 4 5 6 7 9 11 12 14 | 14.2
Dodging        | |  2.4
Stealth        | |  2.4

Action                   |  1- 3 |  4- 6 |  7- 9 | 10-12 || total
-------------------------+-------+-------+-------+-------++-------
Melee: Unarmed           |     2 |       |       |       ||     2
       Short sword       |     4 |     2 |   202 |   137 ||   345
 Cast: Flame Tongue      |    76 |   104 |   116 |    44 ||   340
       Conjure Flame     |     1 |     2 |     3 |     6 ||    12
       Fireball          |       |     2 |    30 |    85 ||   117
       Sticky Flame      |       |     2 |    32 |    47 ||    81
Invok: Divine Energy     |       |     1 |       |       ||     1
Evoke: Wand              |       |       |       |     5 ||     5
  Use: Scroll            |       |    11 |     5 |     6 ||    22
 Stab: Sleeping          |       |       |     2 |       ||     2
  Eat: Chunk             |     2 |    13 |    33 |    29 ||    77
Armor: Robe              |    11 |     2 |   122 |    71 ||   206
       Leather armour    |     2 |    11 |       |       ||    13
Dodge: Dodged            |    22 |    21 |   189 |   133 ||   365
